AoeStats
← Mini Zacarias

Coastal Forest

510608153Analyzed
2v2 RM · 11h ago on Oct 1, 2026· 41m 39s· 4 players
Game mode
Random Map
Map size
Medium (4 player)
Population
200
Speed
Normal
Resources
Standard
Victory
Conquest
Starting age
Dark Age
Ending age
Imperial Age
RankedLock teamsTeams togetherTeam positionsShared explorationLock speedFull tech treeHidden civsTurbo modeCheats
Victory
Defeat
🇪🇸 Saracens · Spain
1088
+15
🇧🇷 Huns · Brazil
1048
+17
🇪🇸 Spanish · Spain
1147
-19
🇪🇸 Armenians · Spain
1004
-13
DioGoL
4:33 Loom
9:32 Feudal Age
10:38 Double-Bit Axe
20:10 Castle Age
18:21 Horse Collar
19:22 Scale Barding Armor
19:35 Bloodlines
21:14 Bow Saw
21:27 Forging
22:08 Husbandry
31:52 Wheelbarrow
35:17 Chain Barding Armor
37:01 Hand Cart
39:30 Imperial Age
38:11 Iron Casting
39:18 Gold Mining
39:20 Town Watch
39:53 Cavalier
41:15 Plate Barding Armor
Lliret
5:48 Loom
9:54 Feudal Age
11:40 Double-Bit Axe
12:09 Town Watch
13:54 Fletching
20:39 Castle Age
19:48 Padded Archer Armor
20:46 Crossbowman
22:59 Gold Mining
23:59 Bodkin Arrow
26:18 Ballistics
32:42 Wheelbarrow
38:01 Thumb Ring
Mini Zacarias
7:51 Loom
10:42 Feudal Age
13:13 Double-Bit Axe
17:18 Castle Age
16:17 Stone Mining
17:15 Bloodlines
22:02 Husbandry
23:36 Pikeman
24:19 Scale Mail Armor
27:24 Scale Barding Armor
28:23 Fishing Lines
32:02 Wheelbarrow
31:56 Gillnets
32:38 Bow Saw
32:11 Horse Collar
32:43 Padded Archer Armor
34:15 Sanctity
36:59 Hand Cart
37:42 Leather Archer Armor
37:53 Ballistics
41:02 Chain Mail Armor
41:08 Chain Barding Armor
Le_Zeckah
10:26 Feudal Age
11:48 Loom
14:36 Castle Age
17:07 Scale Mail Armor
23:45 Fletching
26:15 Forging
30:08 Wheelbarrow
30:34 Horse Collar
31:00 Double-Bit Axe
32:46 Heavy Plow
33:05 Bow Saw
35:23 Treadmill Crane
36:04 Ballistics
36:26 Bodkin Arrow
36:51 Murder Holes
37:13 Masonry
39:45 Iron Casting
39:12 Padded Archer Armor
39:28 Chain Mail Armor
Connection lost

Rejoining the realm…

Still unreachable

The connection could not be restored.

Session expired

The server has moved on; the page needs a fresh start.